 Dungeon Crawl Stone Soup version 0.28-a0-1524-ge72afd5fc6 (webtiles) character file.

Game seed: 16903465149549905944

57 knot the Chopper (level 3, 0/29 HPs)
             Began as a Demonspawn Berserker on Jan 18, 2022.
             Was a Follower of Trog.
             Killed by divine providence
             ... invoked by an orc priest
              (10 damage)
             ... on level 2 of the Dungeon.
             The game lasted 00:03:18 (2241 turns).

knot the Chopper (Demonspawn Berserker)             Turns: 2241, Time: 00:03:19

Health: 0/29       AC:  3    Str: 17    XL:     3   Next: 73%
Magic:  3/3        EV: 11    Int: 10    God:    Trog [*.....]
Gold:   38         SH:  0    Dex: 12    Spells: 2/2 levels left

rFire   . . .      SeeInvis .   a - +0 hand axe
rCold   . . .      Faith    .   (no shield)
rNeg    . . .      Spirit   .   f - +0 leather armour
rPois   .          Reflect  .   (helmet restricted)
rElec   .          Harm     .   (no cloak)
rCorr   .          Rampage  .   (no gloves)
Will    .....                   (no boots)
Stlth   +.........              (no amulet)
HPRegen 0.09/turn               (no ring)
MPRegen 0.08/turn               (no ring)

@: no status effects
A: antennae 1, powered by death 1
a: Renounce Religion, Berserk


You were on level 2 of the Dungeon.
You worshipped Trog.
Trog was aware of your devotion.
You visited 1 branch of the dungeon, and saw 2 of its levels.

You collected 38 gold pieces.

Inventory:

Hand Weapons
 a - a +0 hand axe (weapon)
Missiles
 d - 22 stones (quivered)
Armour
 f - a +0 leather armour (worn)
Potions
 c - 2 potions of mutation {unknown}
 e - a potion of curing {unknown}


   Skills:
 - Level 3.0 Fighting
 * Level 4.3 Axes
 * Level 0.0 Throwing
 - Level 1.7 Armour
 - Level 1.7 Dodging


You had 2 spell levels left.
You didn't know any spells.
Your spell library contained the following spells:

 Spells                   Type           Power      Damage    Failure   Level
 Ozocubu's Armour         Ice            0%         N/A       80%         3
 Ozocubu's Refrigeration  Ice            0%         4d5       100%        7


Dungeon Overview and Level Annotations

Branches:
Dungeon (2/15)

Altars:


Innate Abilities, Weirdness & Mutations

You have a pair of small antennae on your head.
You regenerate a little health from kills.


Message History

Unknown command.
There is a stone staircase leading down here.
There is a stone staircase leading down here.
There is a stone staircase leading up, spattered with blood here.
You start waiting.
There are monsters nearby!
Throw: 24 stones
Press: ? - help, Q - select action Shift-Dir - straight line, f/p - orc
Aim: an orc, wielding a +0 trident and wearing a +0 ring mail (61% to hit)
You throw a stone. The stone barely misses the orc.
Throw: 23 stones
Press: ? - help, Q - select action Shift-Dir - straight line, f/p - orc
Aim: an orc, wielding a +0 trident and wearing a +0 ring mail (61% to hit)
You throw a stone. The stone barely misses the hobgoblin.
The stone hits the orc but does no damage.
You closely miss the hobgoblin. The hobgoblin hits you.
You hit the hobgoblin.
The hobgoblin is severely wounded.
The hobgoblin closely misses you.
You hit the hobgoblin.
You kill the hobgoblin!
Trog accepts your kill.
You hit the orc.
The orc is lightly wounded.
The orc hits you with a +0 club. The orc closely misses you.
You hit the orc but do no damage.
The orc is lightly wounded.
The orc misses you. The orc closely misses you. The orc barely misses you.
The orc hits you with a +0 trident!
There is a stone staircase leading up, spattered with blood here.
You fail to use your ability.
The orc hits you with a +0 club. The orc hits you with a +0 trident.
The orc priest shouts!
You hit the orc but do no damage. You closely miss the orc.
The orc hits you with a +0 club. The orc barely misses you.
The orc hits you but does no damage. The orc hits you with a +0 trident.
The orc priest calls down the wrath of Beogh upon you.
Beogh smites you!
You die...

#>......... .
#.#.##########.
#.#.#.........
##.#.#.......#
##.#.#........###.
#.###.#[..........
###.#..............
#......).......##..
#.##@o.........#
#.##o#†.....####
#.##.#.o........
#.##..........<..
#.##.#.#########.
#.##(#># ####.##.#.#
#......(#.#########..#
#.######...>.........#


You could see an orc priest and 2 orcs.

Vanquished Creatures
  2 worms (D:2)
  2 dart slugs (D:1)
  4 bats
  4 endoplasms (D:1)
  4 giant cockroaches
  3 goblins
  7 hobgoblins
  3 jackals (D:1)
  4 ball pythons
  4 kobolds (D:1)
  4 rats (D:1)
41 creatures vanquished.

Vanquished Creatures (others)
  21 plants (D:1)
21 creatures vanquished.

Grand Total: 62 creatures vanquished

Notes
Turn   | Place    | Note
-------+----------+-------------------------------------------
     0 | D:1      | knot the Demonspawn Berserker began the quest for the Orb.
     0 | D:1      | Reached XP level 1. HP: 18/18 MP: 1/1
    55 | D:1      | Reached skill level 3 in Axes
   337 | D:1      | Gained mutation: You have a pair of small antennae on your
                  | head. [demonic ancestry]
   337 | D:1      | Reached XP level 2. HP: 24/24 MP: 2/2
  1282 | D:1      | Gained mutation: You regenerate a little health from kills.
                  | [demonic ancestry]
  1282 | D:1      | Reached XP level 3. HP: 27/29 MP: 3/3
  1385 | D:1      | Found a faded altar of an unknown god.
  1395 | D:1      | Reached skill level 4 in Axes
  2241 | D:2      | Killed from afar by an orc priest

Illustrated notes

Levels and vault maps discovered:
D:1:      roderic_dead_forest, layout_loops_corners, serial_bayou,
          serial_bayou_lagoon_a, serial_bayou_pond_c, serial_bayou_pond_c,
          serial_bayou_ford_a, hellmonk_ecumenical_altar_inner_sanctum,
          minmay_misc_feat_iff, minmay_tetromino_i2
D:2:      minmay_alternating_diamond, layout_loops_ring

Skill      XL: |  1  2  3 |
---------------+----------+-----
Axes           | 3 4 |  4.3
Fighting       | |  3.0
Armour         | |  1.7
Dodging        | |  1.7

Action                   || total
-------------------------++-------
Melee: Hand axe          ||   124
       Punch             ||     3
Throw: Stone             ||     5
Invok: Berserk           ||     5
Armor: Animal skin       ||    11
       Leather armour    ||     8
Dodge: Dodged            ||    80

Table legend: (Time is in decaauts)
 A = Elapsed time spent in this place.
 B = Non-inter-level travel time spent in this place.
 C = Inter-level travel time spent in this place.
 D = Time resting spent in this place.
 E = Time spent auto-exploring this place.
 F = Levels seen in this place.
 G = Mean time per level.
                   A        B        C        D        E       F      G
               +--------+--------+--------+--------+--------+-----+--------+
         Total |   2337 |   2313 |     24 |    520 |   1399 |   2 | 1168.5 |
       Dungeon |   2337 |   2313 |     24 |    520 |   1399 |   2 | 1168.5 |
               +--------+--------+--------+--------+--------+-----+--------+

Top non-repeatable levels by time:
     D:1: 2001 daAuts
     D:2: 335 daAuts
